 Dungeon Crawl Stone Soup version 0.25-a0-1130-g3926558f3a (webtiles) character file.

Game seed: 3417848403158297351, levelgen mode: deterministic

1603 tilp the Warrior (level 9, 0/55 HPs)
             Began as a Kobold Arcane Marksman on May 19, 2020.
             Was a Believer of Okawaru.
             Killed by divine providence
             ... invoked by an orc priest
              (12 damage)
             ... on level 7 of the Dungeon.
             The game lasted 00:18:59 (9322 turns).

tilp the Warrior (Kobold Arcane Marksman)           Turns: 9322, Time: 00:19:00

Health: 0/55       AC: 10    Str: 10    XL:     9   Next: 16%
Magic:  15/15      EV: 14    Int: 15    God:    Okawaru [**....]
Gold:   436        SH:  5    Dex: 15    Spells: 7/10 levels left

rFire    . . .     SeeInvis .   b - +1 dagger (venom)
rCold    . . .     Gourm    .   (shield restricted)
rNeg     . . .     Faith    .   l - +0 ring mail
rPois    .         Spirit   .   f - +0 helmet
rElec    .         Reflect  +   h - +0 cloak
rCorr    .         Harm     .   u - +2 pair of gloves
MR       .....                  (no boots)
Stlth    ++........             q - amulet of reflection
HPRegen  0.18/turn              (no ring)
MPRegen  0.14/turn              (no ring)

@: slowed, very slow
A: small, carnivore
a: Heroism, Renounce Religion


You were on level 7 of the Dungeon.
You worshipped Okawaru.
Okawaru was pleased with you.
You were completely stuffed.

You visited 1 branch of the dungeon, and saw 7 of its levels.

You collected 436 gold pieces.

Inventory:

Hand Weapons
 a - a +1 hand crossbow
 b - a +1 dagger of venom (weapon)
 H - a +0 rapier
Missiles
 g - 25 poisoned darts (quivered)
 i - 8 boomerangs
Armour
 f - a +0 helmet (worn)
 h - a +0 cloak (worn)
 l - a +0 ring mail (worn)
 t - a +0 scale mail
 u - a +2 pair of gloves (worn)
Jewellery
 q - an amulet of reflection (around neck)
Wands
 j - a wand of polymorph (5)
 I - a wand of acid (7)
Scrolls
 d - a scroll of blinking
 o - a scroll of enchant armour {unknown}
 r - a scroll of random uselessness {unknown}
 s - 5 scrolls of teleportation
 y - a scroll of fear
 A - 2 scrolls of enchant weapon
 B - a scroll of remove curse {unknown}
 G - a scroll of magic mapping {unknown}
Potions
 e - 2 potions of stabbing
 k - a potion of resistance {unknown}
 m - a potion of flight {unknown}
 n - 3 potions of lignification
 p - a potion of magic {unknown}
 w - a potion of heal wounds {unknown}
 x - 2 potions of might
 z - 3 potions of invisibility
 C - a potion of haste {unknown}
 D - 2 potions of curing
 E - a potion of brilliance {unknown}
 F - a potion of degeneration {unknown}
Comestibles
 c - 13 rations


   Skills:
 - Level 6.0 Fighting
 - Level 6.0 Crossbows
 + Level 3.9 Dodging
 + Level 3.5 Stealth
 - Level 1.1 Spellcasting
 - Level 3.0 Hexes
 - Level 8.0 Invocations


You had 7 spell levels left.
You knew the following spells:

 Your Spells              Type           Power        Failure   Level  Hunger
a - Corona                Hex            #......      19%         1    ##.....
b - Slow                  Hex            #.......     28%         2    ###....

Your spell library contained the following spells:

 Spells                   Type           Power        Failure   Level  Hunger
 Summon Small Mammal      Summ           #...         54%         1    ##.....
 Call Imp                 Summ           #.......     67%         2    ###....
 Inner Flame              Hex/Fire       #.......     71%         3    ####...
 Portal Projectile        Hex/Tloc       #.....       71%         3    ####...
 Summon Guardian Golem    Hex/Summ       #.......     71%         3    ####...
 Call Canine Familiar     Summ           #.......     88%         3    ####...
 Cause Fear               Hex            #.........   88%         4    #####..
 Leda's Liquefaction      Hex/Erth       #.........   98%         4    #####..
 Summon Ice Beast         Ice/Summ       #.......     99%         4    #####..
 Summon Lightning Spire   Summ/Air       #.......     99%         4    #####..


Dungeon Overview and Level Annotations

Branches:
Dungeon (7/15)             Temple (0/1) D:4

Altars:
Kikubaaqudgha
Okawaru
Ru
Sif Muna
Trog
Uskayaw
Yredelemnul
Zin

Annotations:
D:3 scrolls dig vault, Sigmund
D:6 hydra!
D:7 Maggie


Innate Abilities, Weirdness & Mutations

You are small and have problems with some larger weapons.
You are carnivorous and can eat meat at any time.


Message History

The water moccasin skeleton is heavily damaged.
You block the water moccasin skeleton's attack.
The water moccasin skeleton misses you.
You hit the water moccasin skeleton.
The water moccasin skeleton is severely damaged.
The water moccasin skeleton bites you!
* * * LOW HITPOINT WARNING * * *
The orc priest calls down the wrath of Beogh upon you.
Beogh smites you!
* * * LOW HITPOINT WARNING * * *
The orc wizard casts a spell at you. The magic dart hits you.
* * * LOW HITPOINT WARNING * * *
The water moccasin skeleton barely misses you.
You feel better.
The orc wizard is no longer moving quickly.
The water moccasin skeleton misses you.
The orc priest invokes the aid of Beogh against you.
Beogh smites you!
You die...

### ..### #. #####.#..
#.##...#.#.. ##.##
#.##...#.#..
......#########.##...#.#..
.......oZ@o......<........
.#.##..###.......#...###..
##. #................ #.
#.......######### #.
#.......# # ## #####.### #
#.# # #.# # #.#


You could see an orc priest, an orc wizard and a water moccasin skeleton.

Vanquished Creatures
  An orc warrior (D:7)
  A sky beast (D:6)
  A necrophage (D:5)
  2 centaurs
  4 scorpions
  2 bullfrog zombies
  4 hounds
  4 orc wizards
  4 orc priests
  Jessica (D:2)
  Ijyb (D:3)
  An iguana (D:6)
  8 worker ants
  2 hound zombies (D:6)
  Robin (D:2)
  A howler monkey skeleton (D:5)
  A worker ant zombie (D:6)
  9 adders
  3 shadow imps
  An adder skeleton (D:5)
  2 adder zombies
  2 worms (D:4)
  A dart slug (D:1)
  A leopard gecko (D:5)
  17 orcs
  8 bats
  3 bat zombies (D:4)
  9 giant cockroaches
  13 goblins
  11 hobgoblins
  5 jackals
  A quokka (D:4)
  5 ball pythons
  5 frilled lizards
  6 kobolds
  2 leopard gecko skeletons (D:4)
  A quokka skeleton (D:4)
  6 rats
  2 rat zombies (D:4)
  A spectral orc (D:4)
153 creatures vanquished.

Vanquished Creatures (others)
  A bat (D:1)
  A fungus (D:5)
  3 toadstools (D:5)
5 creatures vanquished.

Grand Total: 158 creatures vanquished

Notes
Turn   | Place    | Note
-------+----------+-------------------------------------------
     0 | D:1      | tilp the Kobold Arcane Marksman began the quest for the
                  | Orb.
     0 | D:1      | Reached XP level 1. HP: 12/12 MP: 2/2
   116 | D:1      | Reached XP level 2. HP: 12/17 MP: 1/3
   209 | D:1      | Learned a level 2 spell: Slow
   819 | D:1      | Reached XP level 3. HP: 22/23 MP: 4/4
  1781 | D:2      | Found a hide-covered altar of Uskayaw.
  1985 | D:2      | Noticed Jessica
  1995 | D:2      | Killed Jessica
  1995 | D:2      | Reached XP level 4. HP: 29/29 MP: 5/5
  2588 | D:3      | Noticed Ijyb
  2600 | D:3      | Killed Ijyb
  2600 | D:3      | Reached XP level 5. HP: 33/33 MP: 6/6
  3019 | D:3      | Reached skill level 5 in Crossbows
  3019 | D:3      | Reached XP level 6. HP: 27/38 MP: 3/7
  3120 | D:3      | Noticed Robin
  3155 | D:3      | Found an iron altar of Okawaru.
  3169 | D:3      | Became a worshipper of Warmaster Okawaru
  3175 | D:3      | Noticed Sigmund
  3221 | D:2      | Killed Robin
  3504 | D:3      | HP: 1/38 [poisoned by a goblin]
  4203 | D:3      | Found a glowing silver altar of Zin.
  5059 | D:4      | Reached skill level 1 in Invocations
  5273 | D:4      | Found a staircase to the Ecumenical Temple.
  5379 | D:4      | Reached XP level 7. HP: 44/44 MP: 8/8
  5521 | D:4      | Found an ancient bone altar of Kikubaaqudgha.
  5667 | D:4      | Found a basalt altar of Yredelemnul.
  5733 | D:4      | Reached skill level 5 in Fighting
  5847 | D:4      | Reached skill level 2 in Invocations
  5933 | D:5      | Entered Level 5 of the Dungeon
  6325 | D:5      | Reached skill level 3 in Invocations
  6657 | D:5      | Reached skill level 4 in Invocations
  6701 | D:5      | Reached XP level 8. HP: 45/51 MP: 9/11
  6965 | D:5      | Reached * piety under Okawaru
  6965 | D:5      | Reached skill level 5 in Invocations
  7455 | D:6      | Reached skill level 6 in Invocations
  7599 | D:6      | Noticed a six-headed hydra
  7757 | D:6      | Reached skill level 7 in Invocations
  8109 | D:6      | Found a shimmering blue altar of Sif Muna.
  8111 | D:6      | Found a bloodstained altar of Trog.
  8418 | D:6      | Found a sacrificial altar of Ru.
  8480 | D:7      | Reached skill level 8 in Invocations
  8485 | D:7      | Reached ** piety under Okawaru
  8485 | D:7      | Reached skill level 1 in Stealth
  8485 | D:7      | Reached XP level 9. HP: 11/54 MP: 13/15
  8971 | D:7      | Noticed Maggie
  9322 | D:7      | Killed from afar by an orc priest

Illustrated notes

Levels and vault maps discovered:
D:1:      mainiacjoe_arrival_reflecting_pool, layout_basic, lemuel_old_faithful
D:2:      layout_basic, overflow_temple_1_default, first_ration,
          chequers_serial_rivers_small_b, uniq_jessica
D:3:      layout_loops_corners, zin_scriptorium, okawaru_metal_pillars_3,
          uniq_sigmund, uniq_robin, uniq_ijyb
D:4:      layout_loops_cross, yredelemnul_forgotten_temple_becter,
          lemuel_zombie_altar_kikubaaqudgha, minmay_temple_entry_large_hall,
          minmay_fractal_squares_gapless_5
D:5:      layout_basic, minmay_gold_behind_fungi
D:6:      layout_basic, nicolae_ru_great_annihilating_truth,
          chequers_temple_overflow_statue_of_worship, kennysheep_generic_room_3
D:7:      layout_basic, kennysheep_mini_moat, uniq_maggie

Skill      XL: |  1  2  3  4  5  6  7  8  9 |
---------------+----------------------------+-----
Fighting       | 2 3 4 6 |  6.0
Crossbows      | 4 5 6 |  6.0
Invocations    | 1 4 8 |  8.0
Stealth        | 1 3 |  3.5
Dodging        | 3 |  3.9
Spellcasting   | |  1.1
Hexes          | |  3.0

Action                   |  1- 3 |  4- 6 |  7- 9 || total
-------------------------+-------+-------+-------++-------
Melee: Dagger            |   142 |   272 |   441 ||   855
 Fire: Hand crossbow     |    28 |    74 |     6 ||   108
Throw: Dart              |       |    20 |     2 ||    22
 Cast: Corona            |     5 |     3 |     2 ||    10
  Use: Scroll            |       |     5 |     5 ||    10
       Potion            |       |     2 |     1 ||     3
 Stab: Distracted        |     1 |       |       ||     1
       Paralysed         |       |       |     1 ||     1
       Sleeping          |       |       |     1 ||     1
  Eat: Chunk             |    12 |    11 |    13 ||    36
Armor: Robe              |    21 |       |       ||    21
       Ring mail         |    21 |    89 |   147 ||   257
Dodge: Dodged            |   130 |   165 |   265 ||   560
Block: Other             |       |    59 |    91 ||   150
       Reflection        |       |     1 |     1 ||     2

Table legend:
 A = Non-vault XP
 B = Vault XP
 C = Vault XP percentage of total XP
 D = Non-vault monster count
 E = Vault monster count
 F = Vault count percentage of total count
                 A         B        C        D         E       F
            +---------+---------+-------+---------+---------+-------
      Total |    2005 |     285 |  12.4 |     123 |      30 |  19.6
            +---------+---------+-------+---------+---------+-------
        D:1 |      43 |       0 |   0.0 |      25 |       0 |   0.0
        D:2 |      27 |      54 |  66.7 |      11 |       3 |  21.4
        D:3 |     215 |      57 |  21.0 |      27 |      12 |  30.8
        D:4 |     169 |     110 |  39.4 |      18 |       9 |  33.3
        D:5 |     607 |       0 |   0.0 |      18 |       0 |   0.0
        D:6 |     481 |      64 |  11.7 |      13 |       6 |  31.6
        D:7 |     463 |       0 |   0.0 |      11 |       0 |   0.0
            +---------+---------+-------+---------+---------+-------
